 Dungeon Crawl Stone Soup version 0.28.0 (webtiles) character file.

Game seed: 12234059658852730812

499 Ayyar the Digger (level 6, -4/47 (49) HPs)
             Began as a Deep Dwarf Earth Elementalist on Apr 22, 2022.
             Slain by a wight (8 damage)
             ... on level 4 of the Dungeon.
             The game lasted 00:12:41 (3401 turns).

Ayyar the Digger (Deep Dwarf Earth Elementalist)    Turns: 3401, Time: 00:12:42

HP:   -4/47 (49)    AC:  2    Str: 12    XL:     6   Next: 94%
MP:   4/9           EV: 13    Int: 17    God:
Gold: 177           SH:  0    Dex: 13    Spells: 10/11 levels left

rFire   . . .      SeeInvis .   i - +0 dagger (venom)
rCold   . . .      Faith    .   (no shield)
rNeg    . . .      Spirit   .   b - +0 robe
rPois   .          Reflect  .   (no helmet)
rElec   .          Harm     .   (no cloak)
rCorr   .          Rampage  .   (no gloves)
Will    +....                   (no boots)
Stlth   +++.......              (no amulet)
HPRegen 0.00/turn               f - ring of willpower
MPRegen 0.11/turn               j - ring of wizardry

@: lightly drained
A: damage resistance, heal wounds, sense surroundings 1, no regeneration
a: Heal Wounds


You were on level 4 of the Dungeon.
You visited 1 branch of the dungeon, and saw 5 of its levels.

You collected 177 gold pieces.

Inventory:

Hand Weapons
 i - a +0 dagger of venom (weapon)
 r - a +2 dagger of holy wrath
Missiles
 c - 70 stones
 g - 6 javelins
Armour
 b - a +0 robe (worn)
Magical Staves
 l - a staff of conjuration
Jewellery
 f - a ring of willpower (left hand)
 j - a ring of wizardry (right hand)
 p - a ring of flight
 q - a ring of wizardry
Wands
 m - a wand of digging (8)
Scrolls
 d - a scroll of silence {unknown}
 e - 2 scrolls of fear {unknown}
 o - 2 scrolls of identify {unknown}
Potions
 a - 2 potions of lignification {unknown}
 h - a potion of flight {unknown}
 k - 2 potions of attraction {unknown}
 n - a potion of haste {unknown}


   Skills:
 + Level 4.2 Dodging
 + Level 4.8 Stealth
 + Level 3.1 Spellcasting
 + Level 2.8 Transmutations
 + Level 5.8 Earth Magic


You had 10 spell levels left.
You knew the following spells:

 Your Spells              Type           Power      Damage    Failure   Level
a - Sandblast             Erth           44%        2d11      1%          1

Your spell library contained the following spells:

 Spells                   Type           Power      Damage    Failure   Level
 Passwall                 Tmut/Erth      14%        N/A       1%          2
 Stone Arrow              Conj/Erth      24%        3d8       6%          3
 Petrify                  Tmut/Erth      17%        N/A       12%         4


Dungeon Overview and Level Annotations

Branches:
Dungeon (5/15)
 Temple: D:4-7

Altars:
Fedhas
Gozag
Wu Jian
Zin

Shops:
D:1 [[(


Innate Abilities, Weirdness & Mutations

You are resistant to damage.
You can heal yourself by infusing magical energy.
You passively map a small area around you.
You do not regenerate.


Message History

Confirm with . or Enter, or press ? or * to list all spells.
Aiming: Sandblast (safe; 1% risk of failure)
Press: ? - help, Shift-Dir - straight line, f - wight
Aim: a wight, wielding a +0 falchion and wearing a +0 robe (wandering, hasn't noticed you, 81% to hit)
The blast of sand hits the wight but does no damage.
Casting: Sandblast (safe; 1% risk of failure)
Confirm with . or Enter, or press ? or * to list all spells.
Aiming: Sandblast (safe; 1% risk of failure)
Press: ? - help, Shift-Dir - straight line, f/p - wight
Aim: a wight, wielding a +0 falchion and wearing a +0 robe (81% to hit)
The blast of sand hits the wight.
The wight is moderately damaged.
Casting: Sandblast (safe; 1% risk of failure)
Confirm with . or Enter, or press ? or * to list all spells.
Aiming: Sandblast (safe; 1% risk of failure)
Press: ? - help, Shift-Dir - straight line, f/p - wight
Aim: a wight, wielding a +0 falchion and wearing a +0 robe (moderately damaged, 81% to hit)
The blast of sand hits the wight.
The wight is heavily damaged.
The wight barely misses you.
Casting: Sandblast (safe; 1% risk of failure)
Confirm with . or Enter, or press ? or * to list all spells.
Aiming: Sandblast (safe; 1% risk of failure)
Press: ? - help, Shift-Dir - straight line, f/p - wight
Aim: a wight, wielding a +0 falchion and wearing a +0 robe (heavily damaged, 81% to hit)
The blast of sand hits the wight but does no damage.
The wight is heavily damaged.
The wight hits you with a +0 falchion!
* * * LOW HITPOINT WARNING * * *
You feel drained.
* * * LOW HITPOINT WARNING * * *
Casting: Sandblast (safe; 1% risk of failure)
Confirm with . or Enter, or press ? or * to list all spells.
Aiming: Sandblast (safe; 1% risk of failure)
Press: ? - help, Shift-Dir - straight line, f/p - wight
Aim: a wight, wielding a +0 falchion and wearing a +0 robe (heavily damaged, 81% to hit)
The blast of sand hits the wight.
The wight is severely damaged.
The wight hits you with a +0 falchion!
You die...

##.###......##..#......#.#.....##
##.# ###.#..##..###..#...#.......
...#####.#..##..##..###..#.......
##.......#..##..#..##)##.........
#.......#........##.#.##..###...
#.......##......##.#.#.##.......
#..............##.#.#.#.########
#######.########.#.###.#.## #.##
*#@#.## ##.#.## #..# #z#.##,
##.#.## # ##.# #.#.##, ##.#.## #
#)# #.#.# * , ##.#.### #)##.#.#*
* , ##.#.## #..## ** ##.#.#
#...##, *, ##.#. ##.#.## , ,*
##.. ##.#.## *,* * ##.


You could see a wight.

Vanquished Creatures
  An ogre (D:3)
  A phantom (D:4)
  A scorpion (D:4)
  Jessica (D:2)
  3 orc wizards
  An iguana (D:4)
  A gnoll (D:4)
  5 adders
  6 worms
  3 dart slugs
  12 orcs
  6 bats
  4 endoplasms
  2 giant cockroaches (D:2)
  4 goblins
  2 hobgoblins
  7 kobolds
  2 quokkas
  2 ball pythons
  3 frilled lizards
  4 rats
71 creatures vanquished.

Vanquished Creatures (others)
  A ball python (D:1)
1 creature vanquished.

Grand Total: 72 creatures vanquished

Notes
Turn   | Place    | Note
-------+----------+-------------------------------------------
     0 | D:1      | Ayyar the Deep Dwarf Earth Elementalist began the quest for
                  | the Orb.
     0 | D:1      | Reached XP level 1. HP: 15/15 MP: 3/3
    42 | D:1      | Reached skill level 1 in Transmutations
   180 | D:1      | Found Awybb's Weapon Boutique.
   244 | D:1      | Found Nupnal's Antique Armour Emporium.
   259 | D:1      | Found Ynkuoqaa's Antique Armour Emporium.
   355 | D:1      | Reached XP level 2. HP: 22/22 MP: 2/4
   459 | D:1      | Found a faded altar of an unknown god.
  1154 | D:2      | Noticed Jessica
  1160 | D:2      | Killed Jessica
  1161 | D:2      | Reached XP level 3. HP: 20/28 MP: 4/6
  1502 | D:2      | Reached XP level 4. HP: 22/36 MP: 5/7
  2340 | D:3      | Found an opulent altar of Gozag.
  2476 | D:3      | Found an ornate altar of the Wu Jian Council.
  2669 | D:4      | Found a blossoming altar of Fedhas.
  2764 | D:4      | Reached skill level 5 in Earth Magic
  2764 | D:4      | Reached XP level 5. HP: 36/42 MP: 0/7
  2861 | D:4      | Noticed an ogre
  2892 | D:4      | Noticed a phantom
  2907 | D:4      | Killed a phantom
  2908 | D:4      | Reached XP level 6. HP: 4/49 MP: 2/9
  3063 | D:4      | Found a glowing silver altar of Zin.
  3197 | D:5      | Entered Level 5 of the Dungeon
  3401 | D:4      | Slain by a wight

Illustrated notes

Levels and vault maps discovered:
D:1:      dpeg_arrival_rooms_c, layout_basic, basic_ecumenical_altar,
          serial_shops, nicolae_lakefront_shop, nicolae_shop_window_shopping,
          shop, corner_web_ring, lemuel_flame_loot_1
D:2:      layout_basic, uniq_jessica
D:3:      layout_basic, nicolae_wu_jian_immortal_techniques,
          nicolae_gozag_cash_rules_everything_around_me, nicolae_wormholes
D:4:      minmay_inner_zag, layout_basic, mainiacjoe_overflow_alcove_1,
          mainiacjoe_overflow_small_starburst, minmay_crystal_room, hex_large,
          chequers_serial_rivers_micro_c
D:5:      layout_basic

Skill      XL: |  1  2  3  4  5  6 |
---------------+-------------------+-----
Transmutations | 1 2 |  2.8
Spellcasting   | 2 3 |  3.1
Stealth        | 3 4 |  4.8
Dodging        | 3 4 |  4.2
Earth Magic    | 5 |  5.8

Action                   |  1- 3 |  4- 6 || total
-------------------------+-------+-------++-------
Melee: Unarmed           |     5 |       ||     5
       Dagger            |    17 |    71 ||    88
       Punch             |     1 |     3 ||     4
Throw: Javelin           |       |     4 ||     4
 Cast: Sandblast         |    29 |    74 ||   103
 Abil: Heal Wounds       |       |     3 ||     3
 Stab: Sleeping          |     1 |     5 ||     6
Armor: Robe              |     1 |     8 ||     9
Dodge: Dodged            |    17 |    45 ||    62
